 Dungeon Crawl Stone Soup version 0.23-a0-713-ge59bbb1 (webtiles) character file.

9202 DrEnzyme the Fighter (level 11, -5/93 HPs)
             Began as a Mummy Wanderer on Jan 15, 2019.
             Was an Initiate of Gozag.
             Slain by a spiny frog (21 damage)
             ... on level 1 of the Lair of Beasts.
             The game lasted 01:00:09 (17622 turns).

DrEnzyme the Fighter (Mummy Wanderer)              Turns: 17622, Time: 01:00:11

Health: -5/93      AC: 10    Str: 18    XL:     11   Next: 19%
Magic:  15/15      EV: 10    Int: 14    God:    Gozag
Gold:   1506       SH:  4    Dex: 10    Spells: 12/15 levels left

rFire    x . .     SeeInvis .   a - +4 war axe
rCold    + . .     Gourm    .   m - +0 buckler
rNeg     + + +     Faith    .   j - +0 ring mail
rPois    ∞         Spirit   .   z - +2 helmet
rElec    .         Reflect  .   (no cloak)
rCorr    .         Harm     .   e - +0 pair of gloves
MR       +....                  f - +0 pair of boots
Stlth    +.........             n - amulet of the acrobat
HPRegen  0.25/turn              (no ring)
MPRegen  0.14/turn              (no ring)

@: no status effects
A: no food or potions, fire vulnerability, cold resistance 1, negative energy
resistance 3, torment resistance, unbreathing
a: Potion Petition, Call Merchant, Bribe Branch, Renounce Religion


You were on level 1 of the Lair of Beasts.
You worshipped Gozag.
Gozag was most pleased with you.
You were not hungry.

You visited 2 branches of the dungeon, and saw 12 of its levels.

You collected 2153 gold pieces.
You spent 594 gold pieces at shops.
You paid 53 gold pieces to Gozag.

Inventory:

Hand Weapons
 a - a +4 war axe (weapon)
 b - a +0 blowgun
 c - a +3 fustibalus of freezing
 w - a +5 trident
 y - a +1 short sword of draining
 A - a +4 mace
Missiles
 p - 5 javelins (quivered)
 u - 156 sling bullets
 B - 20 poisoned needles
Armour
 d - a +0 robe
 e - a +0 pair of gloves (worn)
 f - a +0 pair of boots (worn)
 j - a +0 ring mail (worn)
 m - a +0 buckler (worn)
 z - a +2 helmet (worn)
Jewellery
 n - an amulet of the acrobat (around neck)
 x - an uncursed ring of ice
Wands
 k - a wand of random effects (16)
 D - a wand of flame (36)
 E - a wand of iceblast (7)
Scrolls
 g - 4 scrolls of fog
 h - 3 scrolls of blinking
 i - 8 scrolls of identify
 l - 7 scrolls of remove curse
 q - a scroll of magic mapping
 r - a scroll of fear
 s - 3 scrolls of enchant armour
 t - 6 scrolls of teleportation
 v - 2 scrolls of immolation
 G - a scroll of amnesia
Miscellaneous
 F - a lamp of fire (inert)


   Skills:
 * Level 11.2 Fighting
 + Level 6.8(7.7) Axes
 - Level 5.4(7.0) Maces & Flails
 + Level 6.3 Throwing
 - Level 1.0 Stealth
 - Level 4.0 Shields
 - Level 2.6 Spellcasting
   Level 1.0 Earth Magic
 - Level 1.0 Evocations


You had 12 spell levels left.
You knew the following spells:

 Your Spells              Type           Power        Failure   Level  Hunger
a - Sting                 Conj/Pois      #...         36%         1    N/A
b - Swiftness             Chrm/Air       #.......     52%         2    N/A

Your spell library contained the following spells:

 Spells                   Type           Power        Failure   Level  Hunger
 Shock                    Conj/Air       #...         36%         1    N/A
 Mephitic Cloud           Conj/Pois/Air  #.......     75%         3    N/A
 Static Discharge         Conj/Air       #.......     75%         3    N/A
 Airstrike                Air            #.........   98%         4    N/A
 Lightning Bolt           Conj/Air       #.........   100%        5    N/A

Dungeon Overview and Level Annotations

Branches:
Dungeon (11/15)            Temple (0/1) D:7            Lair (1/6) D:11
    Orc (0/2) D:11

Altars:
Ashenzari
Cheibriados
Dithmenos
Elyvilon
Gozag
Hepliaklqana
Kikubaaqudgha
Makhleb
Okawaru
Qazlal
Ru
Sif Muna
Vehumet
Wu Jian
Xom
Yredelemnul

Shops:
D:9 [(:%(   D:11 (


Innate Abilities, Weirdness & Mutations

You do not eat or drink.
Your flesh is vulnerable to fire.
You are immune to poison.
Your flesh is cold resistant. (rC+)
You are immune to negative energy. (rN+++)
You are immune to unholy pain and torment.
You can survive without breathing.


Message History

Aim: a spiny frog (heavily wounded, fleeing)
You throw a javelin.
The javelin hits the spiny frog but does no damage.
Your attack snaps the spiny frog out of its fear.
The spiny frog is heavily wounded.
Throwing (i - inventory)
p - 7 javelins (quivered)
Press: ? - help, Shift-Dir - straight line, f/p - spiny frog
Aim: a spiny frog (heavily wounded)
You throw a javelin. The javelin hits the spiny frog!
The spiny frog is severely wounded.
Throwing (i - inventory)
p - 6 javelins (quivered)
Press: ? - help, Shift-Dir - straight line, f/p - spiny frog
Aim: a spiny frog (severely wounded)
You throw a javelin. The javelin hits the spiny frog!
The spiny frog is almost dead.
The spiny frog stings you!!
* * * LOW HITPOINT WARNING * * *
The spiny frog stings you!!
You die...
Your body crumbles into a pile of gold.

..## ###
####+#.###.#
##.##
#..........##
....#
#...........#
....#
#..........#
....#
#.....(....#
....##
#.....(?...#
.....#
+....$F....#
....##
#.....@....#
....+
#..........#
....#
#..........#
....#
#..../.....#
....#
####..######
##.## ##..#
...## #..##
....### #.##
#.P.'.###
###'#####


You could see a spiny frog.

Vanquished Creatures
  A two-headed ogre (D:8)
  An unseen horror (D:10)
  A cyclops (D:11)
  Joseph (D:7)
  A black mamba (Lair:1)
  2 basilisks
  A wyvern (D:10)
  11 yaks
  A steam dragon (D:10)
  3 porcupines
  3 water moccasins
  2 ice beasts
  2 sky beasts
  6 orc warriors
  A necrophage (D:11)
  A phantom (D:7)
  3 ogres
  5 centaurs
  4 crocodiles (D:11)
  2 big kobolds
  Blork the orc (D:6)
  4 bullfrogs
  2 wyvern skeletons (D:11)
  2 scorpions
  5 wights
  2 vampire bats (D:11)
  6 crimson imps
  A bullfrog zombie (D:10)
  A jelly (D:11)
  7 orc priests
  7 hounds
  7 orc wizards
  Natasha (thrice) (D:2)
  2 bullfrog skeletons
  2 iguanas
  A worker ant (D:4)
  A killer bee zombie (D:5)
  2 hound skeletons
  A worker ant zombie (D:11)
  4 adders
  4 shadow imps
  2 oozes
  An adder zombie (D:5)
  3 worms
  A dart slug (D:2)
  A leopard gecko (D:8)
  31 orcs
  14 bats
  4 giant cockroaches
  4 goblins
  12 hobgoblins
  6 jackals
  4 quokkas
  A ball python (D:9)
  8 frilled lizards
  19 kobolds
  7 rats
  A fungus (Lair:1)
236 creatures vanquished.

Vanquished Creatures (others)
  2 quokkas (D:7)
  4 fungi (D:11)
  5 plants (D:11)
11 creatures vanquished.

Grand Total: 247 creatures vanquished

Notes
Turn   | Place    | Note
-------+----------+-------------------------------------------
     0 | D:1      | DrEnzyme the Mummy Wanderer began the quest for the Orb.
     0 | D:1      | DrEnzyme set off with the following items: a +2 mace, a
                  | scroll of teleportation, a +0 robe; and the following spell
                  | memorised: Sting; and the following spells available to
                  | memorise: Mephitic Cloud
     0 | D:1      | Reached XP level 1. HP: 18/18 MP: 4/4
   447 | D:1      | Reached XP level 2. HP: 20/24 MP: 5/5
  1314 | D:2      | Found a shattered altar of Ashenzari.
  1574 | D:2      | Reached XP level 3. HP: 30/30 MP: 7/7
  1580 | D:2      | Noticed Natasha
  1928 | D:3      | Found an iron altar of Okawaru.
  2267 | D:3      | Reached skill level 4 in Fighting
  2362 | D:3      | Reached skill level 1 in Throwing
  2938 | D:4      | Reached XP level 4. HP: 30/37 MP: 8/8
  3269 | D:4      | Learned a level 2 spell: Swiftness
  3415 | D:4      | Found a burning altar of Makhleb.
  3478 | D:4      | Found a hazy altar of Hepliaklqana.
  3817 | D:4      | Found an opulent altar of Gozag.
  3819 | D:4      | Found a shimmering altar of Xom.
  3820 | D:4      | Found a snail-covered altar of Cheibriados.
  3823 | D:4      | Became a worshipper of Gozag Ym Sagoz the Greedy
  3826 | D:4      | Found a stormy altar of Qazlal.
  3856 | D:5      | Entered Level 5 of the Dungeon
  4169 | D:5      | Reached XP level 5. HP: 40/43 MP: 9/9
  4289 | D:5      | Noticed a centaur
  4314 | D:5      | Killed a centaur
  4582 | D:5      | Reached XP level 6. HP: 29/50 MP: 10/10
  4835 | D:5      | Reached skill level 5 in Fighting
  4838 | D:5      | Found an ancient bone altar of Kikubaaqudgha.
  4861 | D:5      | Noticed an ice beast
  4956 | D:2      | Killed Natasha
  5272 | D:2      | Noticed Natasha
  5288 | D:2      | Killed Natasha
  5394 | D:2      | Found a shattered altar of Ashenzari.
  5539 | D:2      | Noticed Natasha
  5541 | D:2      | Killed Natasha
  6338 | D:6      | Found an ornate altar of the Wu Jian Council.
  6384 | D:5      | Reached XP level 7. HP: 37/56 MP: 11/11
  6880 | D:6      | Reached skill level 6 in Fighting
  6906 | D:6      | Noticed Blork the orc
  6949 | D:6      | Killed Blork the orc
  7442 | D:6      | Reached XP level 8. HP: 59/65 MP: 12/12
  7631 | D:7      | Found a radiant altar of Vehumet.
  7701 | D:7      | Reached skill level 5 in Maces & Flails
  7805 | D:7      | Reached skill level 7 in Fighting
  8531 | D:7      | Noticed Joseph
  8583 | D:7      | Killed Joseph
  8583 | D:7      | Reached skill level 8 in Fighting
  8935 | D:7      | Reached skill level 1 in Axes
  8996 | D:7      | Reached XP level 9. HP: 72/75 MP: 13/13
  9416 | D:7      | Found a white marble altar of Elyvilon.
  9483 | D:7      | Found a staircase to the Ecumenical Temple.
  9623 | D:8      | Found a deep blue altar of Sif Muna.
  9623 | D:8      | Found a basalt altar of Yredelemnul.
  9649 | D:8      | Noticed a two-headed ogre
  9947 | D:8      | Reached skill level 9 in Fighting
  9985 | D:8      | Reached skill level 5 in Throwing
 10109 | D:8      | Killed a two-headed ogre
 10109 | D:8      | Reached skill level 1 in Shields
 10784 | D:9      | Found Sesooruu's Book Shoppe.
 10890 | D:9      | Found a shadowy altar of Dithmenos.
 10938 | D:9      | Found a sacrificial altar of Ru.
 11020 | D:9      | Found Ecixt's Antique Weapon Shop.
 11024 | D:9      | Bought a runed fustibalus for 594 gold pieces
 11157 | D:9      | Found Ciriss's Antique Armour Emporium.
 11218 | D:9      | Found Eschorgh's Antique Weapon Boutique.
 12263 | D:9      | Found Izxullan's Food Emporium.
 12478 | D:10     | Entered Level 10 of the Dungeon
 12539 | D:10     | Reached XP level 10. HP: 57/85 MP: 14/14
 12563 | D:10     | Reached skill level 10 in Fighting
 13085 | D:10     | Killed an unseen horror
 13914 | D:11     | Found a staircase to the Orcish Mines.
 13914 | D:11     | Found Gussuapo's Weapon Shop.
 14641 | D:11     | Reached skill level 5 in Axes
 15112 | D:11     | Noticed a cyclops
 15385 | D:11     | Found a staircase to the Lair.
 15692 | D:11     | Killed a cyclops
 16232 | D:11     | Reached XP level 11. HP: 90/92 MP: 15/15
 16241 | D:11     | Reached skill level 11 in Fighting
 16891 | Lair:1   | Entered Level 1 of the Lair of Beasts
 17622 | Lair:1   | Slain by a spiny frog

Vault maps used:
D:1:      psy_arrival_basics, minmay_tetromino_t2
D:2:      ashenzari_conservatory_becter, uniq_natasha
D:3:      first_ration, okawaru_metal_pillars_1_2
D:4:      kennysheep_little_box, minitemple, eino_tiny_chamber, minivault_26
D:5:      corexii_shack_village, kennysheep_mini
D:6:      lemuel_doored_altar, uniq_blork_the_orc
D:7:      lemuel_coloured_pillars_altar, vehumet_crystals,
          lemuel_temple_firewalk_b, uniq_joseph
D:8:      chequers_temple_overflow_statue_of_worship, blue_anna_alchemist,
          kennysheep_generic_room_7
D:9:      nicolae_ru_great_annihilating_truth,
          grunt_dithmenos_smoke_and_mirrors, serial_shops, shop, shop,
          nicolae_shop_waterfront, nicolae_shop_window_shopping,
          nicolae_shop_statue_plus
D:11:     minmay_lair_entry_grove, orc_david_3, portal_ice_cave_entry_pillars_1,
          roderic_batcave, grunt_ministairs_11, minmay_stone_trees_small
Lair:1:   infiniplex_staircase_pool

Skill      XL: |  1  2  3  4  5  6  7  8  9 10 11 |
---------------+----------------------------------+-----
Maces & Flails | 2 3 4 5 |  5.4
Fighting       | 4 5 6 8 9 10 11 | 11.2
Throwing       | 1 2 3 4 5 6 |  6.3
Axes           | 1 3 6 |  6.8
Shields        | 2 3 4 |  4.0
Stealth        | |  1.0
Spellcasting   | |  2.6
Earth Magic    | |  1.0
Evocations     | |  1.0

Action                   |  1- 3 |  4- 6 |  7- 9 | 10-12 || total
-------------------------+-------+-------+-------+-------++-------
Melee: Mace              |   112 |   145 |    94 |       ||   351
       War axe           |       |       |   108 |   241 ||   349
 Fire: Blowgun           |    18 |    12 |    89 |    26 ||   145
       Hunting sling     |       |     8 |    39 |       ||    47
       Fustibalus        |       |       |    13 |    26 ||    39
Throw: Stone             |   100 |       |     3 |       ||   103
       Javelin           |       |    29 |     9 |    41 ||    79
Invok: Potion Petition   |       |     1 |       |       ||     1
Evoke: Wand              |       |       |     5 |     7 ||    12
       Lamp of fire      |       |       |       |     1 ||     1
  Use: Scroll            |     1 |    10 |     5 |     5 ||    21
 Stab: Paralysed         |       |       |     1 |       ||     1
       Distracted        |       |       |       |     2 ||     2
Armor: Robe              |    23 |       |       |       ||    23
       Ring mail         |    13 |    49 |   101 |    91 ||   254
Dodge: Dodged            |    94 |    88 |   152 |   105 ||   439
Block: Buckler           |       |       |    23 |    48 ||    71

Table legend:
 A = Non-vault XP
 B = Vault XP
 C = Vault XP percentage of total XP
 D = Non-vault monster count
 E = Vault monster count
 F = Vault count percentage of total count
                 A         B        C        D         E       F
            +---------+---------+-------+---------+---------+-------
      Total |    9156 |    3991 |  30.4 |     186 |      49 |  20.9
            +---------+---------+-------+---------+---------+-------
        D:1 |      32 |       1 |   3.0 |      21 |       1 |   4.5
        D:2 |      98 |      37 |  27.4 |      18 |       1 |   5.3
        D:3 |      49 |       0 |   0.0 |      17 |       0 |   0.0
        D:4 |     158 |       0 |   0.0 |      13 |       0 |   0.0
        D:5 |     644 |      20 |   3.0 |      20 |       8 |  28.6
        D:6 |     650 |      96 |  12.9 |       9 |       1 |  10.0
        D:7 |     885 |     471 |  34.7 |      20 |       1 |   4.8
        D:8 |    1384 |     248 |  15.2 |      17 |       3 |  15.0
        D:9 |     662 |       6 |   0.9 |      18 |       4 |  18.2
       D:10 |    1712 |     674 |  28.2 |      11 |       5 |  31.2
       D:11 |    1327 |    2438 |  64.8 |      15 |      25 |  62.5
     Lair:1 |    1555 |       0 |   0.0 |       7 |       0 |   0.0
            +---------+---------+-------+---------+---------+-------
